[Event "Titled Tuesday Blitz March 07 Early 2023"]
[White "Matinian, Nikita"]
[Black "Alekseenko, Kirill"]
[WhiteFideId "24129100"]
[BlackFideId "4135539"]
[WhiteElo "2422"]
[BlackElo "2683"]
[Result "0-1"]
[Round "05"]
[TimeControl "180+2"]
[Date "2023.03.07"]
[WhiteClock "0:00:01"]
[BlackClock "0:00:16"]

1. e4 e5 2. Nf3 Nc6 3. Bb5 a6 4. Ba4 d6 5. O-O Bd7 6. Re1 Nge7 7. c3 Ng6 8. d4 Be7 9. Nbd2 O-O 10. Nf1 exd4 11. cxd4 Bg4 12. Bxc6 bxc6 13. h3 Bd7 14. Ng3 Re8 15. b3 a5 16. Bb2 d5 17. Rc1 Qb8 18. Ne5 Nxe5 19. dxe5 Bf8 20. Nf5 Qc8 21. Ng3 a4 22. exd5 cxd5 23. Qxd5 Be6 24. Qf3 axb3 25. axb3 Ra2 26. Bd4 Rd8 27. Bc5 Bxc5 28. Rxc5 h6 29. Rec1 Rd7 30. Kh2 Qd8 31. Nf5 Qg5 32. g4 Rdd2 33. Rf1 Rab2 34. Rxc7 Rxb3 35. Qa8+ Kh7 36. Qg2 Qf4+ 37. Ng3 Bd5 38. Qg1 Qxe5 39. Rcc1 Rf3 40. Rce1 Qf4 0-1


[Site "https://www.chess.com"]

[Event "Titled Tuesday Blitz March 07 Early 2023"]
[White "Durarbayli, Vasif"]
[Black "Csonka, Balazs"]
[WhiteFideId "13402935"]
[BlackFideId "742910"]
[WhiteElo "2543"]
[BlackElo "2404"]
[Result "1-0"]
[Round "05"]
[TimeControl "180+2"]
[Date "2023.03.07"]
[WhiteClock "0:00:17"]
[BlackClock "0:00:02"]

1. e4 e5 2. Nf3 Nc6 3. Bb5 a6 4. Ba4 Nf6 5. d3 Bc5 6. c3 d6 7. Nbd2 O-O 8. h3 Ne7 9. d4 exd4 10. cxd4 Ba7 11. Bc2 Ng6 12. O-O d5 13. e5 Nh5 14. Re1 f6 15. Nf1 fxe5 16. Bxg6 hxg6 17. Nxe5 Qf6 18. Be3 Nf4 19. Nh2 Bxh3 20. gxh3 Nxh3+ 21. Kh1 Nxf2+ 22. Bxf2 Qxf2 23. Nxg6 Rf6 24. Qh5 Bxd4 25. Qxd5+ Kh7 26. Qh5+ Kg8 27. Ne7+ Kf8 28. Qh8+ Kf7 29. Qxa8 Rh6 30. Qg8+ Kf6 31. Qf8+ 1-0


[Site "https://www.chess.com"]

[Event "Titled Tuesday Blitz March 07 Early 2023"]
[White "Bok, Benjamin"]
[Black "Martinez Ramirez, Lennis"]
[WhiteFideId "1017063"]
[BlackFideId "3509079"]
[WhiteElo "2658"]
[BlackElo "2439"]
[Result "1-0"]
[Round "05"]
[TimeControl "180+2"]
[Date "2023.03.07"]
[WhiteClock "0:00:22"]
[BlackClock "0:00:15"]

1. d4 d5 2. c4 dxc4 3. Nf3 Nf6 4. e3 e6 5. Bxc4 c5 6. O-O a6 7. b3 cxd4 8. Nxd4 Bd6 9. Bb2 O-O 10. Nd2 e5 11. N4f3 Nc6 12. h3 Bf5 13. Nh4 Bd7 14. Qb1 Re8 15. Rd1 e4 16. Bxf6 Qxf6 17. Nxe4 Rxe4 18. Qxe4 Re8 19. Qf3 Be5 20. Rxd7 Bxa1 21. Bxf7+ Kf8 22. Qxf6 Bxf6 23. Bxe8 Kxe8 24. Rxb7 Bxh4 25. Rxg7 h5 26. Rh7 Be7 27. Rxh5 Kd7 28. g4 Kc7 29. Rh7 Kd6 30. Kg2 Nb4 31. a3 Nc6 32. h4 Kd5 33. b4 Bf6 34. g5 Bb2 35. g6 Ke6 36. h5 Bxa3 37. Rc7 Ne7 38. g7 Ng8 39. h6 Nxh6 40. Rc6+ Kf7 41. Rxh6 Bxb4 42. Rxa6 Kxg7 43. f4 Bd2 44. Kf3 Kf7 45. e4 Ke7 46. e5 Be1 47. Ke4 Bf2 48. f5 Kd7 49. f6 Kc7 50. Kf5 Bc5 51. e6 Kb7 52. Ra2 Bf8 53. e7 Bxe7 54. fxe7 Kc6 55. e8=Q+ Kc5 56. Qe5+ Kc4 57. Rc2+ Kd3 58. Rc3+ 1-0


[Site "https://www.chess.com"]

[Event "Titled Tuesday Blitz March 07 Early 2023"]
[White "Terry, Renato"]
[Black "Khripachenko, Alexander"]
[WhiteFideId "3803457"]
[BlackFideId "54184975"]
[WhiteElo "2579"]
[BlackElo "2384"]
[Result "1-0"]
[Round "05"]
[TimeControl "180+2"]
[Date "2023.03.07"]
[WhiteClock "0:00:17"]
[BlackClock "0:00:03"]

1. d4 Nf6 2. Nf3 d5 3. c4 e6 4. Nc3 Bb4 5. Bg5 h6 6. Bxf6 Qxf6 7. Qa4+ Nc6 8. e3 O-O 9. Rc1 Bd7 10. Qb3 dxc4 11. Bxc4 a5 12. O-O Qe7 13. a3 Bd6 14. Ne4 a4 15. Qc2 Na5 16. Ba2 Rfc8 17. Rfd1 Nb3 18. Bxb3 axb3 19. Qd3 Bc6 20. Rc3 Bd5 21. Rdc1 f5 22. Nxd6 Qxd6 23. Nd2 c6 24. Nxb3 e5 25. Qxf5 Bxb3 26. Rxb3 exd4 27. Rxb7 Rf8 28. Qd3 Qf6 29. f3 dxe3 30. Qxe3 Rfe8 31. Qc3 Qg5 32. Re1 Rxe1+ 33. Qxe1 Rd8 34. Re7 Qc5+ 35. Qe3 Rd1+ 36. Kf2 Qc2+ 37. Kg3 Qg6+ 38. Kh4 Qxg2 39. Re8+ Kh7 40. Qe4+ 1-0


[Site "https://www.chess.com"]

[Event "Titled Tuesday Blitz March 07 Early 2023"]
[White "Oro, Faustino"]
[Black "Kamsky, Gata"]
[WhiteFideId "20000197"]
[BlackFideId "2000024"]
[WhiteElo "1984"]
[BlackElo "2666"]
[Result "0-1"]
[Round "05"]
[TimeControl "180+2"]
[Date "2023.03.07"]
[WhiteClock "0:00:02"]
[BlackClock "0:00:19"]

1. e4 g6 2. d4 Bg7 3. Nc3 d6 4. f4 a6 5. Nf3 b5 6. Bd3 e6 7. O-O Ne7 8. e5 Bb7 9. Qe2 O-O 10. Ne4 Nd5 11. Bd2 Nc6 12. c3 Qd7 13. Kh1 Nce7 14. Rad1 Rae8 15. b3 f5 16. Neg5 h6 17. exd6 hxg5 18. dxe7 Rxe7 19. Nxg5 Nf6 20. c4 Qd6 21. Bc3 Rd8 22. Rde1 Rde8 23. cxb5 Nd5 24. Bd2 axb5 25. Bxb5 c6 26. Bc4 Bxd4 27. Qf3 c5 28. Qh3 Ba6 29. Qh6 Rg7 30. Nf3 Bf6 31. Ne5 Bxc4 32. bxc4 Nb4 33. Bxb4 cxb4 34. Rd1 Qa6 35. Nd7 Bc3 36. Rf3 Qxc4 37. Rh3 Rxd7 38. Qxg6+ Kf8 39. Rg1 Bg7 40. Rg3 Qxf4 41. Rh3 Qg4 42. Qh7 f4 43. Rf3 e5 44. Qe4 Qe6 45. g3 Qd5 46. Qe2 e4 47. Rxf4+ Rf7 48. Rgf1 e3+ 49. Kg1 Rxf4 50. Rxf4+ Kg8 51. h4 Qe6 52. h5 Rd8 53. h6 Bxh6 54. Rg4+ Bg7 0-1


[Site "https://www.chess.com"]

[Event "Titled Tuesday Blitz March 07 Early 2023"]
[White "Demchenko, Anton"]
[Black "Fiorito, Francisco"]
[WhiteFideId "4160258"]
[BlackFideId "180165"]
[WhiteElo "2545"]
[BlackElo "2341"]
[Result "1-0"]
[Round "05"]
[TimeControl "180+2"]
[Date "2023.03.07"]
[WhiteClock "0:00:10"]
[BlackClock "0:00:01"]

1. e4 c5 2. Nc3 Nc6 3. Bb5 Nd4 4. a4 g6 5. Nf3 Bg7 6. d3 a6 7. Bc4 d6 8. Nxd4 cxd4 9. Ne2 e6 10. O-O Ne7 11. Bb3 O-O 12. Bd2 Bd7 13. Qc1 Re8 14. Bh6 Bh8 15. f4 Qa5 16. Ng3 Rac8 17. Qd1 Rc5 18. Qg4 f5 19. Qe2 Qc7 20. Rae1 d5 21. Bg5 fxe4 22. dxe4 Nc6 23. Qf3 dxe4 24. Nxe4 Rf5 25. g4 Rf7 26. Bh4 Ne5 27. Qg2 Nc4 28. Ng5 Rff8 29. Bg3 Ne3 30. Qh3 Bc8 31. Rf2 Bf6 32. Ne4 Bg7 33. f5 Qe7 34. Bh4 Qc7 35. f6 Bh8 36. Bg3 Qd7 37. Bf4 Rf7 38. Bxe3 dxe3 39. Rxe3 Qd4 40. c3 1-0


[Site "https://www.chess.com"]

[Event "Titled Tuesday Blitz March 07 Early 2023"]
[White "Gholami Orimi, Mahdi"]
[Black "Orlov, Georgi"]
[WhiteFideId "12558486"]
[BlackFideId "2011271"]
[WhiteElo "2363"]
[BlackElo "2651"]
[Result "1-0"]
[Round "05"]
[TimeControl "180+2"]
[Date "2023.03.07"]
[WhiteClock "0:00:35"]
[BlackClock "0:00:19"]

1. d4 Nf6 2. c4 Nc6 3. Nf3 e6 4. a3 d6 5. Nc3 g6 6. e4 Bg7 7. Be2 O-O 8. O-O Re8 9. h3 e5 10. d5 Nd4 11. Be3 Nxe2+ 12. Qxe2 Nh5 13. c5 dxc5 14. Bxc5 Nf4 15. Qd2 Qf6 16. Kh1 a6 17. Ng1 Bd7 18. Be3 Rac8 19. Rfd1 Bf8 20. Rac1 Bd6 21. Kh2 Qg7 22. g3 Nh5 23. Bh6 Qh8 24. Qe2 Qf6 25. Qf3 Qxf3 26. Nxf3 f5 27. Ng5 Nf6 28. Re1 Bc5 29. Kg2 Bd4 30. Rcd1 b5 31. exf5 gxf5 32. Nf3 Bxc3 33. bxc3 e4 34. Nh4 Kf7 35. d6 Be6 36. Bg5 cxd6 37. Rxd6 Rxc3 38. Rxa6 Rc2 39. Nxf5 Nh5 40. Nd6+ Kg6 41. Nxe8 Kxg5 42. Rxe6 e3 43. R1xe3 1-0


[Site "https://www.chess.com"]

[Event "Titled Tuesday Blitz March 07 Early 2023"]
[White "Ibarra Jerez, Jose Carlos"]
[Black "Dehtiarov, Roman"]
[WhiteFideId "2226332"]
[BlackFideId "14186640"]
[WhiteElo "2638"]
[BlackElo "2162"]
[Result "1-0"]
[Round "05"]
[TimeControl "180+2"]
[Date "2023.03.07"]
[WhiteClock "0:00:11"]
[BlackClock "0:00:03"]

1. e4 e5 2. Nf3 Nc6 3. Nc3 Nf6 4. h3 Bb4 5. Nd5 Bc5 6. c3 O-O 7. d3 h6 8. b4 Bb6 9. a4 a6 10. Nxb6 cxb6 11. c4 d6 12. Ba3 b5 13. axb5 axb5 14. cxb5 Na7 15. Bb2 Bd7 16. Be2 Nxb5 17. O-O Qb6 18. Qd2 Nc7 19. Kh2 Ne6 20. Rfc1 Bb5 21. Bf1 Nf4 22. Kg1 Rac8 23. g3 Ne6 24. Kg2 Nh5 25. Qe3 Qd8 26. d4 Bxf1+ 27. Kxf1 exd4 28. Nxd4 Nxd4 29. Bxd4 Qd7 30. Kg2 f5 31. Qf3 Rxc1 32. Rxc1 Qf7 33. exf5 Qxf5 34. Qxb7 Qg5 35. Rc7 Nf4+ 36. Kh2 Ne6 37. Be3 Qg6 38. Rc8 Kh7 39. Rxf8 Nxf8 40. Qc6 Qe6 41. b5 Ng6 42. b6 Ne5 43. Qe4+ g6 44. b7 Qe8 45. Ba7 1-0


[Site "https://www.chess.com"]

[Event "Titled Tuesday Blitz March 07 Early 2023"]
[White "Mitrabha, Guha"]
[Black "Ozer, Omer Faruk"]
[WhiteFideId "5057000"]
[BlackFideId "6354564"]
[WhiteElo "2507"]
[BlackElo "2260"]
[Result "0-1"]
[Round "05"]
[TimeControl "180+2"]
[Date "2023.03.07"]
[WhiteClock "0:01:56"]
[BlackClock "0:01:07"]

1. c4 e5 2. Nc3 Bb4 3. Nd5 Be7 4. Nf3 d6 5. d4 c6 6. Nxe7 Qxe7 7. e3 Nf6 8. Be2 O-O 9. O-O Nbd7 10. b3 e4 11. Nd2 Re8 12. a4 a5 13. Ba3 Nf8 14. Qc2 Bf5 15. Rfb1 Ne6 16. b4 g6 17. bxa5 Nxd4 18. Qd1 Nxe2+ 19. Qxe2 Rxa5 20. Nb3 Rxa4 21. h3 Rea8 22. Bb2 Rxa1 23. Rxa1 Rxa1+ 24. Bxa1 Nd7 25. Qb2 Ne5 26. c5 f6 27. cxd6 Qxd6 28. Nd4 b5 29. Qa2+ Kg7 30. Qa7+ Bd7 31. Bb2 b4 32. g3 c5 33. Nb3 Qd1+ 34. Kg2 Nf3 0-1


[Site "https://www.chess.com"]

[Event "Titled Tuesday Blitz March 07 Early 2023"]
[White "Vokhidov, Shamsiddin"]
[Black "Papasimakopoulos, Alexandros"]
[WhiteFideId "14204223"]
[BlackFideId "4244125"]
[WhiteElo "2570"]
[BlackElo "2359"]
[Result "1-0"]
[Round "05"]
[TimeControl "180+2"]
[Date "2023.03.07"]
[WhiteClock "0:00:17"]
[BlackClock "0:00:01"]

1. e4 e6 2. Nc3 d5 3. d4 Bb4 4. exd5 exd5 5. Bd3 Nc6 6. a3 Bxc3+ 7. bxc3 Nge7 8. Rb1 b6 9. Qf3 Be6 10. Ne2 Qd7 11. O-O O-O 12. Ng3 Ng6 13. h3 f5 14. Nh5 f4 15. Bxf4 Nxf4 16. Nxf4 Qd6 17. g3 Rf6 18. Rfe1 Bf7 19. Qg4 Rf8 20. Re2 Qxa3 21. Nh5 Bxh5 22. Qxh5 g6 23. Qxd5+ Kg7 24. Bb5 Qxc3 25. Bxc6 Qxc6 26. Qe5 Kg8 27. Rbe1 a5 28. Rf1 Qf3 29. Re3 Qc6 30. c3 a4 31. d5 Qd7 32. c4 b5 33. cxb5 Qxb5 34. Qxc7 Qxd5 35. Qc2 Qd7 36. h4 Ra8 37. Rd3 Qf7 38. Ra3 1-0


[Site "https://www.chess.com"]

[Event "Titled Tuesday Blitz March 07 Early 2023"]
[White "Hamitevici, Vladimir"]
[Black "Yilmaz, Mustafa"]
[WhiteFideId "13902393"]
[BlackFideId "6302718"]
[WhiteElo "2401"]
[BlackElo "2523"]
[Result "1-0"]
[Round "05"]
[TimeControl "180+2"]
[Date "2023.03.07"]
[WhiteClock "0:00:19"]
[BlackClock "0:00:02"]

1. Nf3 c5 2. g3 Nc6 3. Bg2 g6 4. O-O Bg7 5. d3 d6 6. e4 Nf6 7. a4 O-O 8. Nc3 Nd7 9. Bg5 Rb8 10. Qd2 a6 11. Rab1 b5 12. axb5 axb5 13. Nd5 Re8 14. b4 cxb4 15. Nxb4 Nxb4 16. Rxb4 Nc5 17. Rfb1 Bd7 18. Be3 Ra8 19. e5 Ra2 20. Bd4 Ne6 21. exd6 Nxd4 22. Nxd4 exd6 23. Bd5 Qc8 24. Bxa2 Qc5 25. Qf4 Rf8 26. Nxb5 Qxc2 27. Bc4 Be5 28. Qf3 Bf5 29. Nc7 h5 30. Nd5 1-0


[Site "https://www.chess.com"]

[Event "Titled Tuesday Blitz March 07 Early 2023"]
[White "Rastbod, Ali"]
[Black "Perez Ponsa, Federico"]
[WhiteFideId "12567477"]
[BlackFideId "117927"]
[WhiteElo "2211"]
[BlackElo "2592"]
[Result "1-0"]
[Round "05"]
[TimeControl "180+2"]
[Date "2023.03.07"]
[WhiteClock "0:00:49"]
[BlackClock "0:00:51"]

1. e4 c5 2. Nf3 d6 3. Bb5+ Nd7 4. c4 Nf6 5. Nc3 g6 6. d4 cxd4 7. Qxd4 Bg7 8. O-O O-O 9. Bxd7 Bxd7 10. Bg5 Be6 11. Bxf6 Bxf6 12. Qd3 Rc8 13. b3 b5 14. Nxb5 Bxa1 15. Rxa1 Qb6 16. Nfd4 Bd7 17. Nc3 a5 18. h4 e6 19. Ndb5 Bxb5 20. Nxb5 Rfd8 21. Nc3 Qc5 22. Rd1 Qe5 23. g3 h5 24. f4 Qf6 25. Kg2 Kg7 26. Rd2 Rc5 27. e5 Qf5 28. Qxf5 gxf5 29. exd6 Kf8 30. Na4 Rc6 31. c5 Ke8 32. a3 Rb8 33. Rd3 Rb5 34. Rc3 Kd7 35. Kf3 Rc8 36. Ke3 Kc6 37. Kd4 Rcb8 38. Kc4 R5b7 39. Rd3 f6 40. Nb6 Rg8 41. b4 axb4 42. axb4 Rxb6 43. cxb6 Kxb6 44. d7 Kc7 45. Kc5 e5 46. b5 e4 47. b6+ Kd8 48. b7 Kc7 49. d8=Q+ 1-0


[Site "https://www.chess.com"]

[Event "Titled Tuesday Blitz March 07 Early 2023"]
[White "Zakhartsov, Vladimir"]
[Black "Mamedov, Edgar"]
[WhiteFideId "4145097"]
[BlackFideId "13739980"]
[WhiteElo "2521"]
[BlackElo "2330"]
[Result "1-0"]
[Round "05"]
[TimeControl "180+2"]
[Date "2023.03.07"]
[WhiteClock "0:00:20"]
[BlackClock "0:00:01"]

1. d4 d5 2. c4 c6 3. Nf3 Nf6 4. Nbd2 e6 5. e3 Nbd7 6. Bd3 dxc4 7. Nxc4 Be7 8. O-O O-O 9. e4 c5 10. e5 Nd5 11. Qe2 cxd4 12. Nxd4 Nc5 13. Bb1 Bd7 14. Rd1 Rc8 15. Ne3 Qb6 16. Nxd5 exd5 17. Nf5 Bxf5 18. Bxf5 Rcd8 19. Be3 Qc7 20. Rac1 Qxe5 21. Qh5 g6 22. Bxg6 Qxh5 23. Bxh5 Ne6 24. Bxa7 d4 25. Bg4 Bf6 26. Bb6 Rd6 27. Bxe6 Rxb6 28. Bb3 Re8 29. Rc7 Rf8 30. Rd3 Be5 31. Re7 Bg7 32. Kf1 Rc6 33. Rxb7 Rc1+ 34. Ke2 Rb1 35. Bd5 Rc1 36. Kf3 Rc2 37. a4 Rc5 38. Rd7 Rb8 39. Bxf7+ 1-0


[Site "https://www.chess.com"]

[Event "Titled Tuesday Blitz March 07 Early 2023"]
[White "Zhigalko, Sergei"]
[Black "Manelyuk, Daniil"]
[WhiteFideId "13502956"]
[BlackFideId "44173920"]
[WhiteElo "2626"]
[BlackElo "2259"]
[Result "0-1"]
[Round "05"]
[TimeControl "180+2"]
[Date "2023.03.07"]
[WhiteClock "0:00:05"]
[BlackClock "0:00:14"]

1. e4 c6 2. d4 d5 3. e5 Bf5 4. Nf3 e6 5. Be2 Nd7 6. O-O a6 7. Nbd2 h6 8. c4 Ne7 9. c5 g5 10. b4 Bg7 11. Nb3 O-O 12. h4 g4 13. Nh2 h5 14. g3 f6 15. exf6 Nxf6 16. f3 gxf3 17. Bxf3 Ne4 18. Bxe4 Bxe4 19. Qxh5 Nf5 20. Qg4 Kh8 21. Bg5 Qc7 22. Bf4 Qf7 23. Rad1 Bf6 24. Nf3 Bxf3 25. Qxf3 Rg8 26. Kf2 Rae8 27. Rfe1 Rg6 28. Rd3 Qg7 29. Re5 Rg4 30. Ke1 Kg8 31. Re2 Qg6 32. Kd1 Qh5 33. Kc2 Kf7 34. Be5 Bxe5 35. Rxe5 Ke7 36. Rxf5 Qxf5 37. Qg2 Kd7 38. Kc3 Reg8 39. Qg1 Qxd3+ 40. Kxd3 Rxg3+ 41. Qe3 Rxe3+ 42. Kxe3 Rg4 43. Na5 Kc7 44. a3 Rxh4 45. Kd2 Rh3 46. a4 Ra3 47. b5 axb5 48. axb5 Rxa5 49. b6+ Kd7 0-1


[Site "https://www.chess.com"]

[Event "Titled Tuesday Blitz March 07 Early 2023"]
[White "Narayanan, Srinath"]
[Black "Malek, Jan"]
[WhiteFideId "5018420"]
[BlackFideId "21864080"]
[WhiteElo "2438"]
[BlackElo "2255"]
[Result "1-0"]
[Round "05"]
[TimeControl "180+2"]
[Date "2023.03.07"]
[WhiteClock "0:01:55"]
[BlackClock "0:00:43"]

1. Nf3 d5 2. g3 Bg4 3. Bg2 Nd7 4. d4 e6 5. O-O Bd6 6. c4 c6 7. Nbd2 f5 8. b3 Ngf6 9. Bb2 O-O 10. Ne5 Bh5 11. Ndf3 Ne4 12. Nxd7 Qxd7 13. Qc2 f4 14. Rad1 Qe7 15. Ne5 Bxe5 16. Bxe4 dxe4 17. dxe5 f3 18. exf3 Bxf3 19. Rd4 Rf5 20. Qd2 Raf8 21. Rd7 Qe8 22. Ba3 Qh5 23. h4 Qg4 24. Kh2 Rh5 25. Be7 Re8 26. Rd8 Qg6 27. Qd7 1-0


[Site "https://www.chess.com"]

[Event "Titled Tuesday Blitz March 07 Early 2023"]
[White "Colas, Joshua"]
[Black "Yeletsky, Ivan"]
[WhiteFideId "2044447"]
[BlackFideId "24180327"]
[WhiteElo "2347"]
[BlackElo "2414"]
[Result "0-1"]
[Round "05"]
[TimeControl "180+2"]
[Date "2023.03.07"]
[WhiteClock "0:00:31"]
[BlackClock "0:01:01"]

1. Nf3 Nf6 2. c4 b6 3. g3 Bb7 4. Bg2 c5 5. O-O e6 6. d4 cxd4 7. Qxd4 Nc6 8. Qd2 Bb4 9. Qc2 O-O 10. a3 Be7 11. b4 d5 12. Rd1 Rc8 13. cxd5 Nxb4 14. Qb3 Bxd5 15. Qa4 Nc2 16. Ra2 Bxa2 17. Rxd8 Rfxd8 18. Bd2 Bxb1 19. Qxa7 Bc5 20. Ne5 Rxd2 21. Qxf7+ Kh8 22. Qxe6 Rd1+ 23. Bf1 Rf8 24. Nf7+ Rxf7 25. Qxf7 h6 26. e4 Ne3 27. fxe3 Bxe3+ 28. Kg2 Bxe4+ 29. Kh3 Rxf1 30. Qc4 Bf5+ 31. g4 Bxg4+ 32. Kg2 Rg1# 0-1


[Site "https://www.chess.com"]

[Event "Titled Tuesday Blitz March 07 Early 2023"]
[White "Harsha Bharathakoti"]
[Black "Domingo Nunez, Ruben"]
[WhiteFideId "5078776"]
[BlackFideId "22245570"]
[WhiteElo "2481"]
[BlackElo "2404"]
[Result "1-0"]
[Round "05"]
[TimeControl "180+2"]
[Date "2023.03.07"]
[WhiteClock "0:00:10"]
[BlackClock "0:00:05"]

1. d4 g6 2. e4 Bg7 3. Nc3 c6 4. Be3 d5 5. e5 f6 6. f4 Nh6 7. Qd2 Ng4 8. O-O-O fxe5 9. fxe5 O-O 10. Nf3 Nxe3 11. Qxe3 Bg4 12. Be2 e6 13. h4 Rf5 14. Kb1 c5 15. Ng5 cxd4 16. Qxd4 Bxe2 17. Nxe6 Qd7 18. Nxg7 Bxd1 19. Nxf5 Bxc2+ 20. Kxc2 Qxf5+ 21. Kb3 Nc6 22. Qxd5+ Kg7 23. e6 Re8 24. Qxf5 Nd4+ 25. Kc4 Nxf5 26. Kd5 Ne3+ 27. Kd6 Nf5+ 28. Kc7 Re7+ 29. Kb8 b6 30. Re1 Nd4 31. Nd5 Re8+ 32. Kxa7 b5 33. e7 Kf7 34. Kb6 Nc2 35. Rf1+ Ke6 36. Nc7+ Kxe7 37. Nxe8 Kxe8 38. Rd1 b4 39. Rd2 1-0


[Site "https://www.chess.com"]

[Event "Titled Tuesday Blitz March 07 Early 2023"]
[White "Bharath Subramaniyam H"]
[Black "Melikyan, Gnel"]
[WhiteFideId "46634827"]
[BlackFideId "54109990"]
[WhiteElo "2395"]
[BlackElo "2138"]
[Result "1-0"]
[Round "05"]
[TimeControl "180+2"]
[Date "2023.03.07"]
[WhiteClock "0:00:44"]
[BlackClock "0:00:17"]

1. e4 e5 2. Nf3 Nf6 3. Bc4 Nxe4 4. Nc3 Nf6 5. Nxe5 d5 6. Bb3 Bd6 7. d4 c6 8. O-O O-O 9. Bg5 h6 10. Bh4 Bf5 11. Qf3 Bh7 12. a4 Be7 13. a5 Nbd7 14. a6 Qc7 15. axb7 Qxb7 16. Nxc6 Qxc6 17. Nxd5 Qd6 18. Bg3 Qe6 19. Nc7 Qe4 20. Qxe4 Bxe4 21. Nxa8 Rxa8 22. Rfe1 Bf8 23. f3 Bf5 24. c4 Rb8 25. Bxb8 1-0


[Site "https://www.chess.com"]

[Event "Titled Tuesday Blitz March 07 Early 2023"]
[White "Di Nicolantonio, Lucas"]
[Black "Movahed, Sina"]
[WhiteFideId "680460"]
[BlackFideId "42520835"]
[WhiteElo "2358"]
[BlackElo "2225"]
[Result "1/2-1/2"]
[Round "05"]
[TimeControl "180+2"]
[Date "2023.03.07"]
[WhiteClock "0:00:12"]
[BlackClock "0:00:18"]

1. Nf3 Nf6 2. c4 g6 3. Nc3 Bg7 4. g3 O-O 5. Bg2 d6 6. O-O e5 7. d3 Re8 8. b4 e4 9. dxe4 Nxe4 10. Nxe4 Rxe4 11. Rb1 Rxc4 12. Bg5 Qe8 13. Nd2 Rd4 14. Be3 Nc6 15. b5 Ne7 16. Bxd4 Bxd4 17. Ne4 Bg7 18. Qc1 Qd8 19. Rd1 h6 20. Nc5 Rb8 21. Qa3 Bf5 22. e4 Bg4 23. f3 Bd7 24. Nxd7 Qxd7 25. Qxa7 Qd8 26. f4 Kh7 27. e5 Qf8 28. b6 cxb6 29. Rxd6 Nf5 30. Rd7 Ne3 31. Rxf7 Qxf7 32. Qxb8 Nxg2 33. Kxg2 Qxa2+ 34. Kh3 Qxb1 35. Qxb7 b5 36. e6 Qf5+ 37. Kg2 Qxe6 38. Qxb5 Qe4+ 39. Kh3 h5 40. Qd7 Qf5+ 41. Qxf5 gxf5 42. Kg2 Bd4 43. Kf3 Kg6 44. h3 Bb6 45. g4 fxg4+ 46. hxg4 h4 47. Kg2 Bc5 48. Kh3 Bf2 49. Kg2 Bg3 50. Kh3 Kf6 51. g5+ Kf5 52. g6 Kxg6 53. Kg2 Kf5 54. Kh1 Bf2 55. Kg2 Bd4 56. Kh1 Bf6 57. Kg2 Bd8 58. Kh1 Bc7 59. Kg2 Bxf4 60. Kh1 Kg4 61. Kg2 h3+ 62. Kh1 h2 63. Kg2 h1=Q+ 64. Kxh1 1/2-1/2


[Site "https://www.chess.com"]

[Event "Titled Tuesday Blitz March 07 Early 2023"]
[White "Pakleza, Zbigniew"]
[Black "Leiva, Gianmarco"]
[WhiteFideId "1119290"]
[BlackFideId "3804399"]
[WhiteElo "2410"]
[BlackElo "2345"]
[Result "0-1"]
[Round "05"]
[TimeControl "180+2"]
[Date "2023.03.07"]
[WhiteClock "0:00:01"]
[BlackClock "0:00:01"]

1. d4 Nf6 2. Nf3 d5 3. Bf4 e6 4. e3 Bd6 5. Bg3 c5 6. Nbd2 Qc7 7. Be2 Nbd7 8. c4 cxd4 9. Nxd4 Bxg3 10. hxg3 O-O 11. O-O dxc4 12. Nxc4 Nb6 13. Nb5 Qe7 14. Nxb6 axb6 15. Qd6 Qxd6 16. Nxd6 Bd7 17. Nxb7 Bc6 18. Bf3 Bxf3 19. gxf3 Rab8 20. Nd6 Rfd8 21. Rfd1 Rd7 22. Nb5 Rbd8 23. Rxd7 Rxd7 24. Rc1 g5 25. Rc2 h5 26. Kg2 Rd1 27. a3 Kg7 28. Nc3 Rd3 29. Na4 Rd6 30. Nc3 Rd3 31. e4 Nd7 32. Rc1 Ne5 33. Rd1 Rxf3 34. Rd6 Rd3 35. Rxb6 Rd2 36. Kf1 Nd3 37. a4 Rxf2+ 38. Kg1 Rc2 39. a5 Nxb2 40. Nb5 Nc4 41. Rb7 Rb2 0-1


[Site "https://www.chess.com"]

[Event "Titled Tuesday Blitz March 07 Early 2023"]
[White "Harsh Suresh"]
[Black "Jimenez Almeida, Luis David"]
[WhiteFideId "45018464"]
[BlackFideId "22242244"]
[WhiteElo "2227"]
[BlackElo "2245"]
[Result "1-0"]
[Round "05"]
[TimeControl "180+2"]
[Date "2023.03.07"]
[WhiteClock "0:00:15"]
[BlackClock "0:00:02"]

1. e4 c6 2. d3 g6 3. Nf3 Bg7 4. Nbd2 d6 5. g3 Nf6 6. Bg2 O-O 7. O-O a5 8. a4 Na6 9. Re1 Nc7 10. c3 e5 11. b3 Re8 12. Ba3 h6 13. Qc2 b5 14. d4 Bb7 15. Rad1 exd4 16. Nxd4 b4 17. cxb4 axb4 18. Bb2 c5 19. Nb5 Nxb5 20. axb5 Qc7 21. Nc4 Rad8 22. e5 dxe5 23. Rxd8 Rxd8 24. Bxe5 Qe7 25. Bxb7 Qxb7 26. b6 Qd5 27. Bc7 Ra8 28. Nd6 Nd7 29. Qe4 Qxe4 30. Rxe4 Ra1+ 31. Kg2 Bf8 32. b7 Rd1 33. Re8 Kg7 34. Rd8 Bxd6 35. Rxd7 Bxc7 36. Rxd1 1-0


[Site "https://www.chess.com"]

[Event "Titled Tuesday Blitz March 07 Early 2023"]
[White "Hayrapetyan, Hovik"]
[Black "Odegov, Artem"]
[WhiteFideId "13302639"]
[BlackFideId "34183644"]
[WhiteElo "2348"]
[BlackElo "2300"]
[Result "0-1"]
[Round "05"]
[TimeControl "180+2"]
[Date "2023.03.07"]
[WhiteClock "0:00:03"]
[BlackClock "0:00:06"]

1. d4 d5 2. c4 e6 3. Nc3 c5 4. cxd5 exd5 5. Nf3 Nc6 6. dxc5 d4 7. Na4 Bxc5 8. Nxc5 Qa5+ 9. Bd2 Qxc5 10. e3 dxe3 11. Bxe3 Qb4+ 12. Qd2 Qxd2+ 13. Bxd2 Nf6 14. Bc4 O-O 15. O-O Bg4 16. Be3 Rfe8 17. Rac1 Rad8 18. a3 Bxf3 19. gxf3 Ne5 20. Kg2 a6 21. Ba2 Rd7 22. Rfd1 Nd3 23. Rb1 Red8 24. Kf1 Nh5 25. Rd2 Ndf4 26. Rxd7 Rxd7 27. Rc1 h6 28. Bb1 g6 29. Bc2 Kg7 30. Rd1 Rxd1+ 31. Bxd1 Ne6 32. Bc2 Nhf4 33. Be4 b5 34. b4 g5 35. Bb7 Nc7 36. Bd4+ Kf8 37. Be5 Nfe6 38. Bd6+ Ke8 39. Bc6+ Kd8 40. Ke2 Nd4+ 41. Kd3 Nxc6 42. Ke4 Kd7 43. Bf8 Ke6 44. Bxh6 f5+ 45. Kd3 Ne5+ 46. Ke2 Nf7 47. Bg7 Nd5 48. Bb2 Nf4+ 49. Ke3 Nd6 0-1


[Site "https://www.chess.com"]

[Event "Titled Tuesday Blitz March 07 Early 2023"]
[White "Santos Ruiz, Miguel"]
[Black "Yelisieiev, Yevhenii"]
[WhiteFideId "22291482"]
[BlackFideId "14139642"]
[WhiteElo "2504"]
[BlackElo "2447"]
[Result "1-0"]
[Round "05"]
[TimeControl "180+2"]
[Date "2023.03.07"]
[WhiteClock "0:00:18"]
[BlackClock "0:00:08"]

1. e4 d6 2. d4 Nf6 3. Nc3 e5 4. Nge2 c6 5. a4 a5 6. h3 Be7 7. g4 O-O 8. Be3 Nbd7 9. Bg2 exd4 10. Qxd4 Nc5 11. g5 Nfd7 12. h4 Qb6 13. b3 Qb4 14. f4 Re8 15. O-O Bf8 16. Rad1 Nb8 17. Ng3 Bg4 18. Rd2 Nba6 19. Qxb4 Nxb4 20. f5 g6 21. f6 d5 22. Bf2 dxe4 23. Ngxe4 Nxe4 24. Nxe4 Rad8 25. Rxd8 Rxd8 26. Bb6 Rd5 27. Rf2 h6 28. Kh2 hxg5 29. hxg5 Bd1 30. Nc3 Rd7 31. Nxd1 Rxd1 32. Bxa5 Rc1 33. c4 Bd6+ 34. Kh3 Rc3+ 35. Rf3 Rxf3+ 36. Bxf3 Nd3 37. Bb6 Bf4 38. Kg4 Bd2 39. Be2 Ne5+ 40. Kh4 Nd7 41. Bd4 Kf8 42. Kg4 Ke8 43. c5 Kd8 44. Bc4 Ke8 45. Bf2 Bb4 46. Kf3 Bxc5 47. Bg3 Ba7 48. Bf4 Bb8 49. Bxb8 Nxb8 50. Kf4 Nd7 51. b4 Nb6 52. Bb3 Nc8 53. Ke5 Nb6 54. a5 Nc8 55. Bc4 Kf8 56. Be2 Ke8 57. Bc4 Kf8 58. Kd4 Ke8 59. Kc5 Kf8 60. a6 bxa6 61. Bxa6 Na7 62. Kb6 Nb5 63. Bxb5 cxb5 64. Kxb5 Ke8 65. Kc6 Kd8 66. Kd6 Ke8 67. Kc7 Kf8 68. b5 Kg8 69. b6 Kh7 70. b7 Kh8 71. b8=Q+ Kh7 72. Qb7 Kg8 73. Kd7 Kf8 74. Qh1 Kg8 75. Qh2 Kf8 76. Qh8# 1-0


[Site "https://www.chess.com"]